 Dungeon Crawl Stone Soup version 0.25-a0-667-gb977e01cb5 (webtiles) character file.

Game seed: 2229943596987896490, levelgen mode: deterministic

82 kae the Gusty (level 4, -1/24 HPs)
             Began as a Tengu Air Elementalist on Mar 27, 2020.
             Slain by a black bear (9 damage)
             ... on level 3 of the Dungeon.
             The game lasted 00:02:31 (2940 turns).

kae the Gusty (Tengu Air Elementalist)              Turns: 2940, Time: 00:02:32

Health: -1/24      AC:  3    Str:  8    XL:     4   Next: 43%
Magic:  6/9        EV: 12    Int: 17    God:
Gold:   170        SH:  0    Dex: 14    Spells: 2/8 levels left

rFire    . . .     SeeInvis .   d - +0 dagger
rCold    . . .     Gourm    .   (no shield)
rNeg     + . .     Faith    .   a - +1 robe
rPois    .         Spirit   .   (helmet restricted)
rElec    .         Reflect  .   (no cloak)
rCorr    .         Harm     .   (no gloves)
MR       .....                  (boots unavailable)
Stlth    ++........             (no amulet)
HPRegen  0.08/turn              f - ring of positive energy
MPRegen  0.11/turn              (no ring)

@: swift, very quick
A: beak, talons 3
a: no special abilities


You were on level 3 of the Dungeon.
You were not hungry.

You visited 1 branch of the dungeon, and saw 3 of its levels.

You collected 170 gold pieces.

Inventory:

Hand Weapons
 d - a +0 dagger (weapon)
Armour
 a - a +1 robe (worn)
Jewellery
 f - a ring of positive energy (left hand)
 i - a +3 ring of protection
 p - an uncursed ring of flight
Scrolls
 k - a scroll of identify
 n - a scroll of enchant armour
 o - a scroll of fog
Potions
 b - a potion of stabbing
 e - a potion of mutation
 g - a potion of curing
 h - 2 potions of flight {unknown}
 j - 2 potions of lignification {unknown}
Comestibles
 c - 6 rations


   Skills:
 - Level 2.1 Dodging
 - Level 2.0 Stealth
 + Level 2.6 Spellcasting
 * Level 3.9 Conjurations
 + Level 4.8 Air Magic


You had 2 spell levels left.
You knew the following spells:

 Your Spells              Type           Power        Failure   Level  Hunger
a - Shock                 Conj/Air       ###.         3%          1    #......
b - Static Discharge      Conj/Air       ###.....     9%          3    ###....
c - Swiftness             Chrm/Air       ##......     10%         2    ##.....

Your spell library contained the following spells:

 Spells                   Type           Power        Failure   Level  Hunger
 Airstrike                Air            ###.......   24%         4    #####..
 Lightning Bolt           Conj/Air       ###.......   63%         5    ######.


Dungeon Overview and Level Annotations

Branches:
Dungeon (3/15)

Altars:
Gozag
Makhleb
Okawaru


Innate Abilities, Weirdness & Mutations

You have a beak for a mouth.
You have claws for feet.


Message History

Aiming: Shock (safe; 3% risk of failure)
Press: ? - help, Shift-Dir - straight line, f/p - black bear
Aim: a black bear (lightly wounded)
The zap hits the black bear.
The black bear is lightly wounded.
The black bear barely misses you. The black bear claws you. x2
Okay, then.
It was a potion of curing.
You feel better. The black bear closely misses you. The black bear misses you.
The black bear barely misses you.
As you read the scroll labeled SOEWAG LUPYPT, it crumbles to dust.
You feel blessed for a moment.
It was a scroll of remove curse.
The black bear bites you! The black bear claws you. The black bear misses you.
Sorry, you're not good enough to have a special ability.
You feel better. The black bear closely misses you.
The black bear barely misses you. The black bear claws you.
Casting: Shock (safe; 3% risk of failure)
Confirm with . or Enter, or press ? or * to list all spells.
You feel quick. The black bear bites you! The black bear claws you. x2
The black bear bites you!
You die...

.......#..#.....##......##.....#
.......#................##.....#
.......#.##.............##.....#
$......#................##.....#
#.#%...#..#.#.#......##.....#
#.#.#.#_#.#.#....#.#.##.....#
####.#....#..#.#...##.#.########
#..............h...##.#<.
#.......†......#@..##.###########
#........#######...†............<
#........# #...##.###########
########## #...##... #...######
#...# #)..# ##.## #.


You could see a black bear.

Vanquished Creatures
  2 adders
  A worm (D:2)
  2 dart slugs
  2 leopard geckos (D:1)
  A ball python (D:3)
  6 bats
  3 giant cockroaches
  7 goblins
  3 hobgoblins
  A quokka (D:3)
  3 frilled lizards
  6 kobolds
  20 rats
57 creatures vanquished.

Notes
Turn   | Place    | Note
-------+----------+-------------------------------------------
     0 | D:1      | kae the Tengu Air Elementalist began the quest for the Orb.
     0 | D:1      | Reached XP level 1. HP: 10/10 MP: 4/4
   241 | D:1      | Reached XP level 2. HP: 15/15 MP: 3/6
   892 | D:1      | Learned a level 2 spell: Swiftness
  1143 | D:1      | Reached XP level 3. HP: 13/19 MP: 3/7
  1225 | D:1      | Learned a level 3 spell: Static Discharge
  1745 | D:2      | Reached XP level 4. HP: 24/24 MP: 0/8
  1973 | D:2      | Found an opulent altar of Gozag.
  2034 | D:2      | Found a burning altar of Makhleb.
  2034 | D:2      | Found an iron altar of Okawaru.
  2559 | D:3      | Found a faded altar of an unknown god.
  2919 | D:3      | Noticed a black bear
  2940 | D:3      | Slain by a black bear

Levels and vault maps discovered:
D:1:      erik_arrival_orb_chamber, layout_basic, chequers_serial_rivers_small_3
D:2:      layout_loops_ring, gammafunk_temple_overflow_pools,
          nicolae_gozag_cash_rules_everything_around_me, minmay_split_cup_large
D:3:      layout_basic, first_ration, chequers_ecumenical_altar_simple

Skill      XL: |  1  2 |
---------------+-------+-----
Conjurations   | 2 3 |  3.9
Dodging        | |  2.1
Stealth        | |  2.0
Spellcasting   | |  2.6
Air Magic      | |  4.8

Action                   |  1- 3 |  4- 6 || total
-------------------------+-------+-------++-------
Melee: Dagger            |    44 |    10 ||    54
       Kick              |    12 |     2 ||    14
       Peck              |     5 |       ||     5
 Cast: Shock             |    69 |    28 ||    97
       Swiftness         |       |     1 ||     1
  Use: Scroll            |       |     8 ||     8
       Potion            |       |     2 ||     2
 Stab: Sleeping          |       |     2 ||     2
  Eat: Chunk             |     4 |       ||     4
       Ration            |       |     1 ||     1
Armor: Robe              |    10 |     2 ||    12
Dodge: Dodged            |    32 |    17 ||    49

Table legend:
 A = Non-vault XP
 B = Vault XP
 C = Vault XP percentage of total XP
 D = Non-vault monster count
 E = Vault monster count
 F = Vault count percentage of total count
                 A         B        C        D         E       F
            +---------+---------+-------+---------+---------+-------
      Total |      94 |      24 |  20.3 |      41 |      16 |  28.1
            +---------+---------+-------+---------+---------+-------
        D:1 |      27 |      15 |  35.7 |      14 |      13 |  48.1
        D:2 |      41 |       9 |  18.0 |      17 |       3 |  15.0
        D:3 |      26 |       0 |   0.0 |      10 |       0 |   0.0
            +---------+---------+-------+---------+---------+-------
